Arizona Coyotes vs Edmonton Oilers

Created - mardi 19 février 2019 at 19:00

Goals
1 2 3 T
Arizona Coyotes 0 1 2 3
Edmonton Oilers 0 4 1 5
Shots
1 2 3 T
Arizona Coyotes 4 18 16 38
Edmonton Oilers 9 12 10 31

1st period

No Goal

Penalties :
Luke Schenn (ARI) for High sticking (Minor) at 6:16

2nd period

1. Edmonton Oilers , Jordan Eberle 12 (Brock Nelson 11) at 5:13 (PP)
2. Arizona Coyotes , Peter Holland 2 (Luke Schenn 8, Brad Richardson 5) at 6:47
3. Edmonton Oilers , Jake DeBrusk 13 (Jordan Eberle 12, Johnny Oduya 6) at 12:36
4. Edmonton Oilers , Erik Gustafsson 5 (Jordan Eberle 13, Josh Bailey 23) at 17:32
5. Edmonton Oilers , Tobias Rieder 7 (Calvin de Haan 13, Zach Werenski 12) at 17:55

Penalties :
Jake DeBrusk (EDM) for Roughing (Minor) at 0:54, Jamie McGinn (ARI) for Hooking (Minor) at 4:38

3rd period

6. Edmonton Oilers , Jordan Eberle 13 (Brock Nelson 12) at 1:06
7. Arizona Coyotes , Leon Draisaitl 27 (Thomas Hickey 17) at 4:10 (PP)
8. Arizona Coyotes , Christian Fischer 8 (Alex Goligoski 14, Jamie McGinn 14) at 9:25

Penalties :
Erik Gudbranson (EDM) for Holding (Minor) at 3:34, Brendan Perlini (EDM) for Hooking (Minor) at 10:58

Goalie Stats

Devan Dubnyk (ARI), 8 saves from 8 shots - (1.000), 18:54 minutes
Louis Domingue (ARI), 18 saves from 23 shots - (0.783), L, 8-8-3, 41:06 minutes
Kari Lehtonen (EDM), 35 saves from 38 shots - (0.921), W, 15-20-4, 60:00 minutes

Players Stats for Arizona Coyotes

Player Name              G  A  P  +/- PIM S  H  SB GA TA FO     MP     PP MP  PK MP  
------------------------------------------------------------------------------------
Alex Goligoski           0  1  1  -2  0   3  4  0  0  1  0/0    26:17   2:23   1:39 
Brad Richardson          0  1  1   0  0   2  1  0  0  1  1/3    10:11   0:02   0:00 
Christian Fischer        1  0  1  -1  0   3  6  1  1  0  0/1    16:56   2:04   0:00 
Dylan Strome             0  0  0   0  0   2  4  0  1  0  5/12   11:40   0:00   0:00 
Haydn Fleury             0  0  0   0  0   0  0  0  0  1  0/0    14:08   0:00   0:00 
Jakob Chychrun           0  0  0   0  0   0  1  2  0  0  0/0    19:34   2:11   0:56 
Jamie McGinn             0  1  1  -1  2   1  1  1  1  1  1/2    16:52   2:04   0:00 
Jordan Martinook         0  0  0   0  0   3  4  0  1  0  0/0    13:08   0:00   0:00 
Leon Draisaitl           1  0  1  -1  0   7  4  0  0  0  14/21  19:18   2:28   1:23 
Luke Schenn              0  1  1   0  2   1  1  3  0  2  0/0    18:48   2:11   0:00 
Max Domi                 0  0  0  -1  0   3  2  1  0  2  11/24  18:03   2:04   1:11 
Nick Cousins             0  0  0   0  0   2  2  0  0  1  0/1    13:14   0:02   0:00 
Peter Holland            1  0  1   0  0   1  1  1  0  0  0/0    10:32   0:04   0:00 
Ryan Sproul              0  0  0   0  0   0  1  0  0  1  0/0    15:03   0:00   0:55 
Sam Gagner               0  0  0  -1  0   1  3  0  1  1  2/2    18:59   2:26   1:11 
Thomas Hickey            0  1  1  -2  0   3  1  2  0  0  0/0    25:52   2:23   1:38 
Tomas Hertl              0  0  0  -1  0   6  1  0  0  0  0/1    19:03   2:28   1:23 
Zac Rinaldo              0  0  0   0  0   0  3  0  1  0  0/0     9:46   0:00   0:00 

Players Stats for Edmonton Oilers

Player Name              G  A  P  +/- PIM S  H  SB GA TA FO     MP     PP MP  PK MP  
------------------------------------------------------------------------------------
Brendan Perlini          0  0  0  -1  2   2  1  0  0  0  0/2    12:18   0:00   0:00 
Brock Nelson             0  2  2   1  0   3  1  0  0  0  9/19   17:34   1:05   0:15 
Calvin de Haan           0  1  1   0  0   0  0  1  0  1  0/0    22:57   1:28   2:25 
Connor McDavid           0  0  0   1  0   6  1  1  2  0  14/26  19:10   1:21   2:19 
Drake Caggiula           0  0  0   1  0   1  1  0  0  1  3/8    10:43   0:00   0:00 
Erik Gudbranson          0  0  0   2  2   0  3  2  0  0  0/0    17:32   0:00   2:09 
Erik Gustafsson          1  0  1   0  0   3  0  0  1  1  0/0    19:30   1:06   0:00 
Jake DeBrusk             1  0  1   1  2   2  2  0  1  0  0/0    16:27   1:15   0:00 
Joel Armia               0  0  0  -1  0   3  1  1  1  0  1/1    15:04   1:05   1:59 
Johnny Oduya             0  1  1   2  0   0  0  2  0  1  0/0    17:33   0:00   2:09 
Jordan Eberle            2  2  4   2  0   5  1  2  4  0  0/0    19:57   1:05   0:00 
Jordan Oesterle          0  0  0   0  0   1  0  1  0  1  0/0    19:45   1:28   0:00 
Josh Bailey              0  1  1   1  0   1  1  0  0  0  0/1    16:45   1:18   0:00 
Milan Lucic              0  0  0   0  0   0  1  0  0  0  1/1     8:36   0:14   0:00 
Tobias Rieder            1  0  1   1  0   3  2  0  1  0  0/0    12:17   0:11   0:24 
Tyler Pitlick            0  0  0   1  0   1  1  0  1  1  0/0    12:14   0:00   2:14 
Valtteri Filppula        0  0  0  -1  0   0  0  1  0  0  5/9    14:19   0:08   1:57 
Zach Werenski            0  1  1   0  0   0  1  2  0  0  0/0    22:42   1:06   2:25 

3 Stars

1 - Jordan Eberle (EDM)
2 - Tobias Rieder (EDM)
3 - Brock Nelson (EDM)

Power Play

Arizona Coyotes - 1 on 3 Attempt(s) - 33.33%
Edmonton Oilers - 1 on 2 Attempt(s) - 50.00%

Penalty Kill

Arizona Coyotes - 1 on 2 Attempt(s) - 50.00% - Score 0 goal in Penalty Kill
Edmonton Oilers - 2 on 3 Attempt(s) - 66.67% - Score 0 goal in Penalty Kill

Team Stat

Arizona Coyotes - Hits : 40 - Faceoff Wins : 34 - Blocked Shots : 11 - Penalty Minutes : 4
Edmonton Oilers - Hits : 17 - Faceoff Wins : 33 - Blocked Shots : 13 - Penalty Minutes : 6

Official

Referees : Jon McIsaac and Brad Watson
Linesman : Steve Miller and Bryan Pancich

Game Notes

Milan Lucic is injured at 12:03 of 2nd period (Left Hip)
Devan Dubnyk enters game at 1:06 of 3rd period

Finance

Level 1 -- Attendance: 8576 (80.91%) -- Ticket Income fr. 686'080
Level 2 -- Attendance: 1647 (74.86%) -- Ticket Income fr. 107'055
Level 3 -- Attendance: 3359 (90.78%) -- Ticket Income fr. 110'847
Level 4 -- Attendance: 1365 (94.14%) -- Ticket Income fr. 27'300
Luxury Box -- Attendance: 44 (88.00%) -- Ticket Income fr. 8'800
Game was played at the Rogers Place.
Total Attendance: 14991 (83.28%)
Total Ticket Income: fr. 940'082
Total Income: fr. 940'082

Arizona Coyotes

5 vs 5 Forward 
   Center                   Left Wing                Right Wing               Time % Phy DF OF 
 1 Leon Draisaitl           Tomas Hertl              Sam Gagner               30     1   2  2  
 2 Max Domi                 Jamie McGinn             Christian Fischer        30     1   2  2  
 3 Dylan Strome             Jordan Martinook         Nick Cousins             25     1   2  2  
 4 Brad Richardson          Zac Rinaldo              Peter Holland            15     1   2  2  

5 vs 5 Defense 
   Defense                  Defense                                           Time % Phy DF OF 
 1 Alex Goligoski           Thomas Hickey                                     30     1   2  2  
 2 Luke Schenn              Jakob Chychrun                                    30     1   2  2  
 3 Haydn Fleury             Ryan Sproul                                       25     1   2  2  
 4 Alex Goligoski           Thomas Hickey                                     15     1   2  2  

PowerPlay Forward 
   Center                   Left Wing                Right Wing               Time % Phy DF OF 
 1 Leon Draisaitl           Tomas Hertl              Sam Gagner               50     1   2  2  
 2 Max Domi                 Jamie McGinn             Christian Fischer        50     1   2  2  

PowerPlay Defense
   Defense                  Defense                                           Time % Phy DF OF 
 1 Alex Goligoski           Thomas Hickey                                     50     1   2  2  
 2 Luke Schenn              Jakob Chychrun                                    50     1   2  2  

Penalty Kill 4 Players Forward 
   Center                   Wing                     Time % Phy DF OF 
 1 Leon Draisaitl           Tomas Hertl              50     1   2  2  
 2 Max Domi                 Sam Gagner               50     1   2  2  

Penalty Kill 4 Players Defense
   Defense                  Defense                  Time % Phy DF OF 
 1 Alex Goligoski           Thomas Hickey            50     1   2  2  
 2 Luke Schenn              Jakob Chychrun           50     1   2  2  

Penalty Kill - 3 Players Forward 
   Forward                                           Time % Phy DF OF 
 1 Leon Draisaitl                                    50     1   2  2  
 2 Tomas Hertl                                       50     1   2  2  

Penalty Kill - 3 Players Defense
   Defense                  Defense                  Time % Phy DF OF 
 1 Alex Goligoski           Thomas Hickey            50     1   2  2  
 2 Luke Schenn              Jakob Chychrun           50     1   2  2  

4 vs 4 Forward 
   Center                   Wing                     Time % Phy DF OF 
 1 Leon Draisaitl           Tomas Hertl              50     1   2  2  
 2 Max Domi                 Sam Gagner               50     1   2  2  

4 vs 4 Defense
   Defense                  Defense                  Time % Phy DF OF 
 1 Alex Goligoski           Thomas Hickey            50     1   2  2  
 2 Luke Schenn              Jakob Chychrun           50     1   2  2  

Last Minutes Offensive
   Center                   Left Wing                Right Wing               Defense                  Defense                  
   Leon Draisaitl           Tomas Hertl              Sam Gagner               Alex Goligoski           Thomas Hickey            

Last Minutes Defensive
   Center                   Left Wing                Right Wing               Defense                  Defense                  
   Leon Draisaitl           Tomas Hertl              Sam Gagner               Alex Goligoski           Thomas Hickey            

Goaltenders
Starting : Louis Domingue           
Backup : Devan Dubnyk             

Extra Forwards
Normal : Peter Holland, Brad Richardson, Jordan Martinook - PP : Peter Holland, Brad Richardson - PK : Jordan Martinook
Extra Defensemen
Normal : Haydn Fleury, Ryan Sproul, Luke Schenn - PP : Haydn Fleury - PK : Ryan Sproul, Luke Schenn
Penalty Shots
Leon Draisaitl, Tomas Hertl, Max Domi, Sam Gagner, Christian Fischer
Custom OT Lines Forwards
Leon Draisaitl, Tomas Hertl, Max Domi, Sam Gagner, Christian Fischer, Jamie McGinn, Brad Richardson, Jordan Martinook, Nick Cousins, Dylan Strome
Custom OT Lines Defensemen
Alex Goligoski, Thomas Hickey, Luke Schenn, Jakob Chychrun, Haydn Fleury

Scratches
Adam Clendening (Healthy), Johnny Boychuk (Exhaustion), Martin Hanzal (Broken Right Index Finger Injury), Nicholas Merkley (Healthy)

Edmonton Oilers

5 vs 5 Forward 
   Center                   Left Wing                Right Wing               Time % Phy DF OF 
 1 Connor McDavid           Milan Lucic              Josh Bailey              30     1   1  3  
 2 Brock Nelson             Jake DeBrusk             Jordan Eberle            30     1   2  2  
 3 Valtteri Filppula        Brendan Perlini          Joel Armia               20     1   2  2  
 4 Drake Caggiula           Tobias Rieder            Tyler Pitlick            20     1   3  1  

5 vs 5 Defense 
   Defense                  Defense                                           Time % Phy DF OF 
 1 Zach Werenski            Calvin de Haan                                    35     1   2  2  
 2 Erik Gustafsson          Jordan Oesterle                                   35     1   2  2  
 3 Erik Gudbranson          Johnny Oduya                                      30     2   3  0  
 4 Zach Werenski            Calvin de Haan                                    0      1   2  2  

PowerPlay Forward 
   Center                   Left Wing                Right Wing               Time % Phy DF OF 
 1 Connor McDavid           Jake DeBrusk             Josh Bailey              50     0   0  5  
 2 Brock Nelson             Joel Armia               Jordan Eberle            50     0   0  5  

PowerPlay Defense
   Defense                  Defense                                           Time % Phy DF OF 
 1 Zach Werenski            Erik Gustafsson                                   50     0   0  5  
 2 Calvin de Haan           Jordan Oesterle                                   50     0   0  5  

Penalty Kill 4 Players Forward 
   Center                   Wing                     Time % Phy DF OF 
 1 Valtteri Filppula        Joel Armia               50     0   4  1  
 2 Connor McDavid           Tyler Pitlick            50     0   5  0  

Penalty Kill 4 Players Defense
   Defense                  Defense                  Time % Phy DF OF 
 1 Erik Gudbranson          Johnny Oduya             50     0   5  0  
 2 Calvin de Haan           Zach Werenski            50     0   5  0  

Penalty Kill - 3 Players Forward 
   Forward                                           Time % Phy DF OF 
 1 Joel Armia                                        50     0   5  0  
 2 Tyler Pitlick                                     50     0   5  0  

Penalty Kill - 3 Players Defense
   Defense                  Defense                  Time % Phy DF OF 
 1 Erik Gudbranson          Zach Werenski            50     0   5  0  
 2 Johnny Oduya             Calvin de Haan           50     0   5  0  

4 vs 4 Forward 
   Center                   Wing                     Time % Phy DF OF 
 1 Connor McDavid           Josh Bailey              50     1   1  3  
 2 Brock Nelson             Jordan Eberle            50     1   2  2  

4 vs 4 Defense
   Defense                  Defense                  Time % Phy DF OF 
 1 Zach Werenski            Calvin de Haan           50     1   2  2  
 2 Erik Gustafsson          Erik Gudbranson          50     1   2  2  

Last Minutes Offensive
   Center                   Left Wing                Right Wing               Defense                  Defense                  
   Connor McDavid           Jordan Eberle            Josh Bailey              Zach Werenski            Erik Gustafsson          

Last Minutes Defensive
   Center                   Left Wing                Right Wing               Defense                  Defense                  
   Connor McDavid           Tyler Pitlick            Joel Armia               Zach Werenski            Calvin de Haan           

Goaltenders
Starting : Kari Lehtonen            
Backup : Ondrej Pavelec           

Extra Forwards
Normal : Connor McDavid, Josh Bailey, Jordan Eberle - PP : Jordan Eberle, Connor McDavid - PK : Tobias Rieder
Extra Defensemen
Normal : Zach Werenski, Erik Gustafsson, Jordan Oesterle - PP : Zach Werenski - PK : Calvin de Haan, Zach Werenski
Penalty Shots
Connor McDavid, Brock Nelson, Jordan Eberle, Jake DeBrusk, Brendan Perlini
Custom OT Lines Forwards
Connor McDavid, Josh Bailey, Brock Nelson, Jordan Eberle, Valtteri Filppula, Tyler Pitlick, Jake DeBrusk, Joel Armia, Brendan Perlini, Tobias Rieder
Custom OT Lines Defensemen
Zach Werenski, Calvin de Haan, Erik Gustafsson, Jordan Oesterle, Erik Gudbranson

Scratches
Brandon Davidson (Healthy), Mike Blunden (Healthy), Matt Benning (Healthy)

% Time on Ice - Arizona Coyotes

Lines # - Real PCT - Wanted PCT - Time Play
Normal Forward
1 - 28% - 30% - 14:53
2 - 34% - 30% - 17:57
3 - 22% - 25% - 11:35
4 - 16% - 15% - 8:27
Normal Defense
1 - 30% - 30% - 15:46
2 - 31% - 30% - 16:27
3 - 27% - 25% - 14:08
4 - 12% - 15% - 6:31
PP Forward
1 - 54% - 50% - 2:28
2 - 46% - 50% - 2:06
PP Defense
1 - 52% - 50% - 2:23
2 - 48% - 50% - 2:11
PK Forward
1 - 54% - 50% - 1:23
2 - 46% - 50% - 1:11
PK Defense
1 - 49% - 50% - 1:16
2 - 51% - 50% - 1:18
PK3 Forward
1 - 0% - 50%
2 - 0% - 50%
PK3 Defense
1 - 0% - 50%
2 - 0% - 50%
44 Forward
1 - 0% - 50%
2 - 0% - 50%
44 Defense
1 - 0% - 50%
2 - 0% - 50%
Last Minute Offensive  - 0:00
Last Minute Defensive  - 0:00
Total
Forward - 60:00
Defense - 60:00

% Time on Ice - Edmonton Oilers

Lines # - Real PCT - Wanted PCT - Time Play
Normal Forward
1 - 28% - 30% - 15:00
2 - 34% - 30% - 17:55
3 - 20% - 20% - 10:35
4 - 18% - 20% - 9:22
Normal Defense
1 - 35% - 35% - 18:27
2 - 35% - 35% - 18:18
3 - 29% - 30% - 15:20
4 - 1% - 0% - 0:47
PP Forward
1 - 51% - 50% - 1:18
2 - 49% - 50% - 1:16
PP Defense
1 - 43% - 50% - 1:06
2 - 57% - 50% - 1:28
PK Forward
1 - 47% - 50% - 2:09
2 - 53% - 50% - 2:25
PK Defense
1 - 47% - 50% - 2:09
2 - 53% - 50% - 2:25
PK3 Forward
1 - 0% - 50%
2 - 0% - 50%
PK3 Defense
1 - 0% - 50%
2 - 0% - 50%
44 Forward
1 - 0% - 50%
2 - 0% - 50%
44 Defense
1 - 0% - 50%
2 - 0% - 50%
Last Minute Offensive  - 0:00
Last Minute Defensive  - 0:00
Total
Forward - 60:00
Defense - 60:00

Play-by-Play

1st period


0:01 of 1st period - Leon Draisaitl wins face-off versus Connor McDavid in neutral zone.
0:30 of 1st period - Snap shot by Tomas Hertl.
0:30 of 1st period - Deflect By Leon Draisaitl.
0:30 of 1st period - Stopped by Kari Lehtonen with a rebound.
1:10 of 1st period - Backhand shot by Dylan Strome.
1:10 of 1st period - Shot Misses the Net.
1:32 of 1st period - Icing by Ryan Sproul.
1:33 of 1st period - Connor McDavid wins face-off versus Brad Richardson in Arizona Coyotes zone.
1:46 of 1st period - Peter Holland is hit by Milan Lucic and loses puck.
1:55 of 1st period - Slapshot by Haydn Fleury.
1:55 of 1st period - Shot Blocked by Jordan Oesterle.
2:40 of 1st period - Ryan Sproul is hit by Joel Armia and loses puck.
3:35 of 1st period - Tobias Rieder is hit by Zac Rinaldo and loses puck.
3:44 of 1st period - Slapshot by Tyler Pitlick.
3:44 of 1st period - Deflect By Tobias Rieder.
3:44 of 1st period - Shot Blocked by Peter Holland.
3:44 of 1st period - Puck is out of play.
3:45 of 1st period - Brock Nelson wins face-off versus Max Domi in Arizona Coyotes zone.
4:10 of 1st period - Joel Armia is hit by Jordan Martinook and loses puck.
4:18 of 1st period - Erik Gustafsson is hit by Thomas Hickey and loses puck.
4:40 of 1st period - Wrist shot by Leon Draisaitl.
4:40 of 1st period - Shot Blocked by Erik Gudbranson.
4:51 of 1st period - Icing by Tomas Hertl.
4:52 of 1st period - Leon Draisaitl wins face-off versus Drake Caggiula in Arizona Coyotes zone.
5:16 of 1st period - Jordan Oesterle is hit by Nick Cousins and loses puck.
5:30 of 1st period - Snap shot by Tobias Rieder.
5:30 of 1st period - Stopped by Louis Domingue without a rebound.
5:31 of 1st period - Max Domi wins face-off versus Brock Nelson in Arizona Coyotes zone.
5:38 of 1st period - Snap shot by Christian Fischer.
5:38 of 1st period - Stopped by Kari Lehtonen without a rebound.
5:39 of 1st period - Jamie McGinn wins face-off versus Brock Nelson in Edmonton Oilers zone.
6:05 of 1st period - Wrist shot by Leon Draisaitl.
6:05 of 1st period - Shot Misses the Net.
6:16 of 1st period - Minor Penalty to Luke Schenn for High sticking.
6:17 of 1st period - Connor McDavid wins face-off versus Tomas Hertl in Arizona Coyotes zone.
8:16 of 1st period - Penalty to Luke Schenn is over, Luke Schenn is back on ice.
8:34 of 1st period - Nick Cousins is hit by Tyler Pitlick and loses puck.
8:45 of 1st period - Drake Caggiula is hit by Dylan Strome and loses puck.
9:04 of 1st period - Erik Gustafsson is hit by Luke Schenn.
9:08 of 1st period - Jordan Oesterle is hit by Christian Fischer and loses puck.
9:18 of 1st period - Icing by Connor McDavid.
9:19 of 1st period - Connor McDavid wins face-off versus Dylan Strome in Edmonton Oilers zone.
9:36 of 1st period - Brock Nelson is hit by Jordan Martinook and loses puck.
9:57 of 1st period - Wrist shot by Joel Armia.
9:57 of 1st period - Stopped by Louis Domingue with a rebound.
10:34 of 1st period - Snap shot by Connor McDavid.
10:34 of 1st period - Shot Blocked by Thomas Hickey.
10:46 of 1st period - Erik Gudbranson is hit by Jordan Martinook and loses puck.
11:15 of 1st period - Drake Caggiula is hit by Ryan Sproul and loses puck.
11:32 of 1st period - Slapshot by Zac Rinaldo.
11:32 of 1st period - Shot Misses the Net.
11:56 of 1st period - Wrist shot by Connor McDavid.
11:56 of 1st period - Stopped by Louis Domingue without a rebound.
11:57 of 1st period - Leon Draisaitl wins face-off versus Connor McDavid in Arizona Coyotes zone.
12:55 of 1st period - Slapshot by Jordan Oesterle.
12:55 of 1st period - Stopped by Louis Domingue with a rebound.
12:57 of 1st period - Snap shot by Joel Armia.
12:57 of 1st period - Deflect By Jordan Martinook.
12:57 of 1st period - Shot Misses the Net.
12:57 of 1st period - Puck is out of play.
12:58 of 1st period - Leon Draisaitl wins face-off versus Connor McDavid in Arizona Coyotes zone.
13:48 of 1st period - Christian Fischer is hit by Brendan Perlini and loses puck.
14:05 of 1st period - Haydn Fleury is hit by Erik Gudbranson and loses puck.
14:30 of 1st period - Snap shot by Leon Draisaitl.
14:30 of 1st period - Shot Blocked by Connor McDavid.
14:32 of 1st period - Snap shot by Tomas Hertl.
14:32 of 1st period - Stopped by Kari Lehtonen without a rebound.
14:33 of 1st period - Dylan Strome wins face-off versus Brock Nelson in Edmonton Oilers zone.
14:46 of 1st period - Snap shot by Brock Nelson.
14:46 of 1st period - Stopped by Louis Domingue with a rebound.
14:58 of 1st period - Calvin de Haan is hit by Leon Draisaitl and loses puck.
15:22 of 1st period - Icing by Luke Schenn.
15:23 of 1st period - Valtteri Filppula wins face-off versus Max Domi in Arizona Coyotes zone.
15:24 of 1st period - Snap shot by Joel Armia.
15:24 of 1st period - Shot Blocked by Max Domi.
15:26 of 1st period - Wrist shot by Joel Armia.
15:26 of 1st period - Stopped by Louis Domingue without a rebound.
15:27 of 1st period - Brock Nelson wins face-off versus Leon Draisaitl in Arizona Coyotes zone.
16:23 of 1st period - Wrist shot by Tomas Hertl.
16:23 of 1st period - Shot Misses the Net.
16:25 of 1st period - Wrist shot by Christian Fischer.
16:25 of 1st period - Stopped by Kari Lehtonen without a rebound.
16:26 of 1st period - Brock Nelson wins face-off versus Max Domi in Edmonton Oilers zone.
16:26 of 1st period - Brock Nelson is hit by Christian Fischer.
16:47 of 1st period - Icing by Jamie McGinn.
16:48 of 1st period - Valtteri Filppula wins face-off versus Max Domi in Arizona Coyotes zone.
17:11 of 1st period - Jordan Oesterle is hit by Christian Fischer and loses puck.
17:36 of 1st period - Wrist shot by Joel Armia.
17:36 of 1st period - Stopped by Louis Domingue with a rebound.
17:38 of 1st period - Snap shot by Joel Armia.
17:38 of 1st period - Shot Blocked by Luke Schenn.
17:40 of 1st period - Snap shot by Valtteri Filppula.
17:40 of 1st period - Shot Blocked by Jakob Chychrun.
17:42 of 1st period - Snap shot by Brendan Perlini.
17:42 of 1st period - Stopped by Louis Domingue with a rebound.
17:44 of 1st period - Slapshot by Erik Gustafsson.
17:44 of 1st period - Stopped by Louis Domingue without a rebound.
17:45 of 1st period - Connor McDavid wins face-off versus Dylan Strome in Arizona Coyotes zone.
18:07 of 1st period - Icing by Milan Lucic.
18:08 of 1st period - Milan Lucic wins face-off versus Leon Draisaitl in Edmonton Oilers zone.
18:08 of 1st period - Milan Lucic is hit by Sam Gagner.
18:58 of 1st period - Haydn Fleury is hit by Erik Gudbranson and loses puck.
19:07 of 1st period - Haydn Fleury is hit by Connor McDavid and loses puck.
Goals for this period are 0 for Arizona Coyotes vs 0 for Edmonton Oilers.
Shots for this period are 4 for Arizona Coyotes vs 9 for Edmonton Oilers.

2nd period


0:01 of 2nd period - Connor McDavid wins face-off versus Dylan Strome in neutral zone.
0:12 of 2nd period - Calvin de Haan is hit by Alex Goligoski and loses puck.
0:52 of 2nd period - Wrist shot by Zac Rinaldo.
0:52 of 2nd period - Shot Blocked by Calvin de Haan.
0:54 of 2nd period - Minor Penalty to Jake DeBrusk for Roughing.
0:55 of 2nd period - Leon Draisaitl wins face-off versus Valtteri Filppula in Edmonton Oilers zone.
0:58 of 2nd period - Snap shot by Leon Draisaitl.
0:58 of 2nd period - Shot Misses the Net.
1:00 of 2nd period - Snap shot by Sam Gagner.
1:00 of 2nd period - Shot Hit the Post.
1:02 of 2nd period - Snap shot by Leon Draisaitl.
1:02 of 2nd period - Deflect By Joel Armia.
1:02 of 2nd period - Shot Blocked by Valtteri Filppula.
1:02 of 2nd period - Puck is out of play.
1:03 of 2nd period - Joel Armia wins face-off versus Leon Draisaitl in Edmonton Oilers zone.
1:03 of 2nd period - Joel Armia is hit by Tomas Hertl.
1:23 of 2nd period - Slapshot by Tomas Hertl.
1:23 of 2nd period - Stopped by Kari Lehtonen with a rebound.
1:45 of 2nd period - Snap shot by Leon Draisaitl.
1:45 of 2nd period - Shot Misses the Net.
1:47 of 2nd period - Wrist shot by Alex Goligoski.
1:47 of 2nd period - Deflect By Leon Draisaitl.
1:47 of 2nd period - Shot Misses the Net.
1:47 of 2nd period - Puck is out of play.
1:48 of 2nd period - Valtteri Filppula wins face-off versus Max Domi in Edmonton Oilers zone.
2:54 of 2nd period - Penalty to Jake DeBrusk is over, Jake DeBrusk is back on ice.
3:06 of 2nd period - Jordan Eberle is hit by Nick Cousins and loses puck.
3:33 of 2nd period - Snap shot by Tobias Rieder.
3:33 of 2nd period - Shot Misses the Net.
3:52 of 2nd period - Joel Armia is hit by Dylan Strome and loses puck.
4:02 of 2nd period - Icing by Nick Cousins.
4:03 of 2nd period - Leon Draisaitl wins face-off versus Brock Nelson in Arizona Coyotes zone.
4:12 of 2nd period - Snap shot by Alex Goligoski.
4:12 of 2nd period - Shot Misses the Net.
4:14 of 2nd period - Slapshot by Thomas Hickey.
4:14 of 2nd period - Stopped by Kari Lehtonen with a rebound.
4:16 of 2nd period - Snap shot by Tomas Hertl.
4:16 of 2nd period - Stopped by Kari Lehtonen without a rebound.
4:17 of 2nd period - Max Domi wins face-off versus Connor McDavid in Edmonton Oilers zone.
4:30 of 2nd period - Snap shot by Connor McDavid.
4:30 of 2nd period - Stopped by Louis Domingue with a rebound.
4:32 of 2nd period - Wrist shot by Josh Bailey.
4:32 of 2nd period - Shot Misses the Net.
4:38 of 2nd period - Minor Penalty to Jamie McGinn for Hooking.
4:39 of 2nd period - Max Domi wins face-off versus Connor McDavid in Arizona Coyotes zone.
4:39 of 2nd period - Max Domi is hit by Jake DeBrusk.
5:13 of 2nd period - Wrist shot by Jordan Eberle.
5:13 of 2nd period - Goal by Jordan Eberle - Arizona Coyotes : 0 - Edmonton Oilers : 1.
5:14 of 2nd period - Leon Draisaitl wins face-off versus Connor McDavid in neutral zone.
5:23 of 2nd period - Snap shot by Leon Draisaitl.
5:23 of 2nd period - Stopped by Kari Lehtonen without a rebound.
5:24 of 2nd period - Sam Gagner wins face-off versus Connor McDavid in Edmonton Oilers zone.
5:25 of 2nd period - Snap shot by Leon Draisaitl.
5:25 of 2nd period - Stopped by Kari Lehtonen without a rebound.
5:26 of 2nd period - Max Domi wins face-off versus Connor McDavid in Edmonton Oilers zone.
5:56 of 2nd period - Snap shot by Tomas Hertl.
5:56 of 2nd period - Shot Misses the Net.
5:58 of 2nd period - Slapshot by Thomas Hickey.
5:58 of 2nd period - Shot Misses the Net.
6:00 of 2nd period - Slapshot by Alex Goligoski.
6:00 of 2nd period - Shot Blocked by Johnny Oduya.
6:43 of 2nd period - Wrist shot by Brad Richardson.
6:43 of 2nd period - Stopped by Kari Lehtonen with a rebound.
6:45 of 2nd period - Slapshot by Luke Schenn.
6:45 of 2nd period - Shot Blocked by Zach Werenski.
6:47 of 2nd period - Snap shot by Peter Holland.
6:47 of 2nd period - Goal by Peter Holland - Arizona Coyotes : 1 - Edmonton Oilers : 1.
6:48 of 2nd period - Connor McDavid wins face-off versus Max Domi in neutral zone.
6:53 of 2nd period - Slapshot by Milan Lucic.
6:53 of 2nd period - Deflect By Connor McDavid.
6:53 of 2nd period - Stopped by Louis Domingue without a rebound.
6:54 of 2nd period - Connor McDavid wins face-off versus Max Domi in Arizona Coyotes zone.
6:55 of 2nd period - Backhand shot by Josh Bailey.
6:55 of 2nd period - Shot Blocked by Jamie McGinn.
7:07 of 2nd period - Slapshot by Thomas Hickey.
7:07 of 2nd period - Shot Misses the Net.
7:09 of 2nd period - Slapshot by Thomas Hickey.
7:09 of 2nd period - Shot Misses the Net.
7:57 of 2nd period - Erik Gustafsson is hit by Peter Holland and loses puck.
9:17 of 2nd period - Slapshot by Jakob Chychrun.
9:17 of 2nd period - Shot Misses the Net.
9:19 of 2nd period - Wrist shot by Peter Holland.
9:19 of 2nd period - Deflect By Zac Rinaldo.
9:19 of 2nd period - Shot Misses the Net.
9:19 of 2nd period - Puck is out of play.
9:20 of 2nd period - Connor McDavid wins face-off versus Brad Richardson in Edmonton Oilers zone.
9:20 of 2nd period - Connor McDavid is hit by Brad Richardson.
9:52 of 2nd period - Slapshot by Brock Nelson.
9:52 of 2nd period - Shot Misses the Net.
9:54 of 2nd period - Snap shot by Brock Nelson.
9:54 of 2nd period - Stopped by Louis Domingue with a rebound.
10:32 of 2nd period - Snap shot by Dylan Strome.
10:32 of 2nd period - Stopped by Kari Lehtonen without a rebound.
10:33 of 2nd period - Connor McDavid wins face-off versus Leon Draisaitl in Edmonton Oilers zone.
11:00 of 2nd period - Jordan Eberle is hit by Christian Fischer and loses puck.
11:51 of 2nd period - Calvin de Haan is hit by Alex Goligoski and loses puck.
12:02 of 2nd period - Milan Lucic is hit by Leon Draisaitl and loses puck.
12:03 of 2nd period - Milan Lucic from Edmonton Oilers is injured at 12:03 of 2nd period (Left Hip).
12:04 of 2nd period - Brock Nelson wins face-off versus Christian Fischer in Edmonton Oilers zone.
12:04 of 2nd period - Brock Nelson is hit by Max Domi.
12:12 of 2nd period - Snap shot by Max Domi.
12:12 of 2nd period - Stopped by Kari Lehtonen without a rebound.
12:13 of 2nd period - Max Domi wins face-off versus Brock Nelson in Edmonton Oilers zone.
12:14 of 2nd period - Snap shot by Christian Fischer.
12:14 of 2nd period - Shot Misses the Net.
12:34 of 2nd period - Wrist shot by Jordan Eberle.
12:34 of 2nd period - Stopped by Louis Domingue with a rebound.
12:36 of 2nd period - Wrist shot by Jake DeBrusk.
12:36 of 2nd period - Goal by Jake DeBrusk - Arizona Coyotes : 1 - Edmonton Oilers : 2.
12:37 of 2nd period - Leon Draisaitl wins face-off versus Connor McDavid in neutral zone.
12:48 of 2nd period - Backhand shot by Josh Bailey.
12:48 of 2nd period - Deflect By Connor McDavid.
12:48 of 2nd period - Stopped by Louis Domingue without a rebound.
12:49 of 2nd period - Connor McDavid wins face-off versus Nick Cousins in Arizona Coyotes zone.
12:58 of 2nd period - Snap shot by Dylan Strome.
12:58 of 2nd period - Shot Misses the Net.
13:00 of 2nd period - Slapshot by Jordan Martinook.
13:00 of 2nd period - Stopped by Kari Lehtonen without a rebound.
13:01 of 2nd period - Connor McDavid wins face-off versus Leon Draisaitl in Edmonton Oilers zone.
13:28 of 2nd period - Alex Goligoski is hit by Tobias Rieder and loses puck.
13:34 of 2nd period - Off-side.
13:35 of 2nd period - Valtteri Filppula wins face-off versus Jamie McGinn in neutral zone.
13:42 of 2nd period - Slapshot by Zach Werenski.
13:42 of 2nd period - Shot Misses the Net.
13:44 of 2nd period - Slapshot by Zach Werenski.
13:44 of 2nd period - Shot Blocked by Jakob Chychrun.
14:08 of 2nd period - Wrist shot by Leon Draisaitl.
14:08 of 2nd period - Stopped by Kari Lehtonen without a rebound.
14:09 of 2nd period - Dylan Strome wins face-off versus Josh Bailey in Edmonton Oilers zone.
14:34 of 2nd period - Max Domi is hit by Drake Caggiula and loses puck.
14:38 of 2nd period - Icing by Alex Goligoski.
14:39 of 2nd period - Max Domi wins face-off versus Drake Caggiula in Arizona Coyotes zone.
14:39 of 2nd period - Max Domi is hit by Zach Werenski.
14:53 of 2nd period - Slapshot by Tyler Pitlick.
14:53 of 2nd period - Stopped by Louis Domingue with a rebound.
15:03 of 2nd period - Calvin de Haan is hit by Sam Gagner and loses puck.
15:10 of 2nd period - Slapshot by Jake DeBrusk.
15:10 of 2nd period - Shot Misses the Net.
15:12 of 2nd period - Wrist shot by Jordan Eberle.
15:12 of 2nd period - Shot Misses the Net.
16:02 of 2nd period - Drake Caggiula is hit by Max Domi and loses puck.
16:31 of 2nd period - Erik Gustafsson is hit by Leon Draisaitl and loses puck.
16:44 of 2nd period - Connor McDavid is hit by Alex Goligoski and loses puck.
16:59 of 2nd period - Jordan Eberle is hit by Jamie McGinn and loses puck.
17:06 of 2nd period - Snap shot by Jamie McGinn.
17:06 of 2nd period - Shot Blocked by Jordan Eberle.
17:08 of 2nd period - Wrist shot by Jamie McGinn.
17:08 of 2nd period - Shot Misses the Net.
17:28 of 2nd period - Snap shot by Connor McDavid.
17:28 of 2nd period - Stopped by Louis Domingue with a rebound.
17:30 of 2nd period - Slapshot by Josh Bailey.
17:30 of 2nd period - Deflect By Jordan Eberle.
17:30 of 2nd period - Stopped by Louis Domingue with a rebound.
17:32 of 2nd period - Slapshot by Erik Gustafsson.
17:32 of 2nd period - Deflect By Peter Holland.
17:32 of 2nd period - Goal by Erik Gustafsson - Arizona Coyotes : 1 - Edmonton Oilers : 3.
17:33 of 2nd period - Leon Draisaitl wins face-off versus Brendan Perlini in neutral zone.
17:43 of 2nd period - Snap shot by Sam Gagner.
17:43 of 2nd period - Stopped by Kari Lehtonen with a rebound.
17:45 of 2nd period - Wrist shot by Tomas Hertl.
17:45 of 2nd period - Shot Misses the Net.
17:47 of 2nd period - Snap shot by Leon Draisaitl.
17:47 of 2nd period - Stopped by Kari Lehtonen without a rebound.
17:48 of 2nd period - Drake Caggiula wins face-off versus Max Domi in Edmonton Oilers zone.
17:55 of 2nd period - Snap shot by Tobias Rieder.
17:55 of 2nd period - Goal by Tobias Rieder - Arizona Coyotes : 1 - Edmonton Oilers : 4.
17:56 of 2nd period - Leon Draisaitl wins face-off versus Brock Nelson in neutral zone.
17:59 of 2nd period - Snap shot by Thomas Hickey.
17:59 of 2nd period - Stopped by Kari Lehtonen without a rebound.
18:00 of 2nd period - Leon Draisaitl wins face-off versus Brock Nelson in Edmonton Oilers zone.
18:26 of 2nd period - Slapshot by Jordan Martinook.
18:26 of 2nd period - Stopped by Kari Lehtonen without a rebound.
18:27 of 2nd period - Dylan Strome wins face-off versus Connor McDavid in Edmonton Oilers zone.
18:34 of 2nd period - Wrist shot by Dylan Strome.
18:34 of 2nd period - Shot Misses the Net.
18:36 of 2nd period - Slapshot by Luke Schenn.
18:36 of 2nd period - Deflect By Nick Cousins.
18:36 of 2nd period - Stopped by Kari Lehtonen without a rebound.
18:37 of 2nd period - Drake Caggiula wins face-off versus Max Domi in Edmonton Oilers zone.
18:42 of 2nd period - Slapshot by Max Domi.
18:42 of 2nd period - Stopped by Kari Lehtonen with a rebound.
19:08 of 2nd period - Slapshot by Max Domi.
19:08 of 2nd period - Shot Misses the Net.
19:15 of 2nd period - Off-side.
19:16 of 2nd period - Sam Gagner wins face-off versus Valtteri Filppula in neutral zone.
19:21 of 2nd period - Slapshot by Leon Draisaitl.
19:21 of 2nd period - Shot Blocked by Joel Armia.
19:43 of 2nd period - Jordan Eberle is hit by Jordan Martinook and loses puck.
19:50 of 2nd period - Wrist shot by Jordan Martinook.
19:50 of 2nd period - Stopped by Kari Lehtonen without a rebound.
19:51 of 2nd period - Connor McDavid wins face-off versus Dylan Strome in Edmonton Oilers zone.
Goals for this period are 1 for Arizona Coyotes vs 4 for Edmonton Oilers.
Shots for this period are 18 for Arizona Coyotes vs 12 for Edmonton Oilers.

3rd period


0:01 of 3rd period - Leon Draisaitl wins face-off versus Brock Nelson in neutral zone.
0:01 of 3rd period - Leon Draisaitl is hit by Brock Nelson.
0:09 of 3rd period - Snap shot by Tomas Hertl.
0:09 of 3rd period - Stopped by Kari Lehtonen with a rebound.
0:11 of 3rd period - Wrist shot by Tomas Hertl.
0:11 of 3rd period - Shot Misses the Net.
0:13 of 3rd period - Wrist shot by Tomas Hertl.
0:13 of 3rd period - Stopped by Kari Lehtonen with a rebound.
0:15 of 3rd period - Slapshot by Thomas Hickey.
0:15 of 3rd period - Shot Misses the Net.
0:37 of 3rd period - Snap shot by Brock Nelson.
0:37 of 3rd period - Stopped by Louis Domingue without a rebound.
0:38 of 3rd period - Dylan Strome wins face-off versus Drake Caggiula in Arizona Coyotes zone.
0:43 of 3rd period - Slapshot by Alex Goligoski.
0:43 of 3rd period - Deflect By Jordan Oesterle.
0:43 of 3rd period - Stopped by Kari Lehtonen without a rebound.
0:44 of 3rd period - Dylan Strome wins face-off versus Drake Caggiula in Edmonton Oilers zone.
0:47 of 3rd period - Slapshot by Dylan Strome.
0:47 of 3rd period - Stopped by Kari Lehtonen with a rebound.
0:53 of 3rd period - Wrist shot by Nick Cousins.
0:53 of 3rd period - Stopped by Kari Lehtonen without a rebound.
0:54 of 3rd period - Brock Nelson wins face-off versus Leon Draisaitl in Edmonton Oilers zone.
1:00 of 3rd period - Off-side.
1:01 of 3rd period - Brock Nelson wins face-off versus Leon Draisaitl in neutral zone.
1:06 of 3rd period - Snap shot by Jordan Eberle.
1:06 of 3rd period - Goal by Jordan Eberle - Arizona Coyotes : 1 - Edmonton Oilers : 5.
1:06 of 3rd period - Devan Dubnyk enters game.
1:07 of 3rd period - Brock Nelson wins face-off versus Max Domi in neutral zone.
1:10 of 3rd period - Jamie McGinn is hit by Jake DeBrusk and loses puck.
1:31 of 3rd period - Brock Nelson is hit by Leon Draisaitl.
1:48 of 3rd period - Slapshot by Jake DeBrusk.
1:48 of 3rd period - Shot Blocked by Luke Schenn.
1:58 of 3rd period - Wrist shot by Jake DeBrusk.
1:58 of 3rd period - Stopped by Devan Dubnyk without a rebound.
1:59 of 3rd period - Connor McDavid wins face-off versus Max Domi in Arizona Coyotes zone.
2:24 of 3rd period - Valtteri Filppula is hit by Dylan Strome.
2:42 of 3rd period - Snap shot by Alex Goligoski.
2:42 of 3rd period - Shot Misses the Net.
2:50 of 3rd period - Wrist shot by Leon Draisaitl.
2:50 of 3rd period - Stopped by Kari Lehtonen without a rebound.
2:51 of 3rd period - Max Domi wins face-off versus Connor McDavid in Edmonton Oilers zone.
2:52 of 3rd period - Snap shot by Jamie McGinn.
2:52 of 3rd period - Stopped by Kari Lehtonen with a rebound.
2:58 of 3rd period - Slapshot by Calvin de Haan.
2:58 of 3rd period - Shot Blocked by Christian Fischer.
3:00 of 3rd period - Snap shot by Jordan Eberle.
3:00 of 3rd period - Shot Misses the Net.
3:02 of 3rd period - Snap shot by Zach Werenski.
3:02 of 3rd period - Shot Blocked by Luke Schenn.
3:04 of 3rd period - Wrist shot by Josh Bailey.
3:04 of 3rd period - Stopped by Devan Dubnyk without a rebound.
3:05 of 3rd period - Leon Draisaitl wins face-off versus Brendan Perlini in Arizona Coyotes zone.
3:12 of 3rd period - Snap shot by Tomas Hertl.
3:12 of 3rd period - Deflect By Leon Draisaitl.
3:12 of 3rd period - Shot Misses the Net.
3:12 of 3rd period - Puck is out of play.
3:13 of 3rd period - Leon Draisaitl wins face-off versus Valtteri Filppula in Edmonton Oilers zone.
3:34 of 3rd period - Minor Penalty to Erik Gudbranson for Holding.
3:35 of 3rd period - Valtteri Filppula wins face-off versus Max Domi in Edmonton Oilers zone.
4:08 of 3rd period - Snap shot by Thomas Hickey.
4:08 of 3rd period - Stopped by Kari Lehtonen with a rebound.
4:10 of 3rd period - Slapshot by Leon Draisaitl.
4:10 of 3rd period - Goal by Leon Draisaitl - Arizona Coyotes : 2 - Edmonton Oilers : 5.
4:11 of 3rd period - Brock Nelson wins face-off versus Dylan Strome in neutral zone.
4:13 of 3rd period - Erik Gustafsson is hit by Alex Goligoski and loses puck.
4:22 of 3rd period - Slapshot by Alex Goligoski.
4:22 of 3rd period - Stopped by Kari Lehtonen without a rebound.
4:23 of 3rd period - Connor McDavid wins face-off versus Max Domi in Edmonton Oilers zone.
4:32 of 3rd period - Wrist shot by Connor McDavid.
4:32 of 3rd period - Stopped by Devan Dubnyk with a rebound.
4:34 of 3rd period - Snap shot by Jordan Eberle.
4:34 of 3rd period - Stopped by Devan Dubnyk without a rebound.
4:35 of 3rd period - Brock Nelson wins face-off versus Dylan Strome in Arizona Coyotes zone.
5:02 of 3rd period - Snap shot by Tobias Rieder.
5:02 of 3rd period - Stopped by Devan Dubnyk without a rebound.
5:03 of 3rd period - Max Domi wins face-off versus Drake Caggiula in Arizona Coyotes zone.
5:49 of 3rd period - Valtteri Filppula is hit by Jakob Chychrun.
6:13 of 3rd period - Snap shot by Jordan Eberle.
6:13 of 3rd period - Shot Misses the Net.
7:04 of 3rd period - Off-side.
7:05 of 3rd period - Brad Richardson wins face-off versus Valtteri Filppula in neutral zone.
7:30 of 3rd period - Leon Draisaitl is hit by Jordan Eberle and loses puck.
7:54 of 3rd period - Tyler Pitlick is hit by Dylan Strome and loses puck.
8:37 of 3rd period - Joel Armia is hit by Zac Rinaldo and loses puck.
8:48 of 3rd period - Valtteri Filppula is hit by Sam Gagner and loses puck.
9:07 of 3rd period - Wrist shot by Zach Werenski.
9:07 of 3rd period - Shot Blocked by Thomas Hickey.
9:09 of 3rd period - Backhand shot by Drake Caggiula.
9:09 of 3rd period - Stopped by Devan Dubnyk without a rebound.
9:10 of 3rd period - Drake Caggiula wins face-off versus Dylan Strome in Arizona Coyotes zone.
9:11 of 3rd period - Snap shot by Tobias Rieder.
9:11 of 3rd period - Shot Misses the Net.
9:13 of 3rd period - Slapshot by Erik Gustafsson.
9:13 of 3rd period - Stopped by Devan Dubnyk without a rebound.
9:14 of 3rd period - Max Domi wins face-off versus Brock Nelson in Arizona Coyotes zone.
9:23 of 3rd period - Snap shot by Jamie McGinn.
9:23 of 3rd period - Shot Blocked by Jordan Eberle.
9:25 of 3rd period - Snap shot by Alex Goligoski.
9:25 of 3rd period - Deflect By Christian Fischer.
9:25 of 3rd period - Goal by Christian Fischer - Arizona Coyotes : 3 - Edmonton Oilers : 5.
9:26 of 3rd period - Max Domi wins face-off versus Brock Nelson in neutral zone.
9:31 of 3rd period - Slapshot by Alex Goligoski.
9:31 of 3rd period - Shot Misses the Net.
9:33 of 3rd period - Slapshot by Alex Goligoski.
9:33 of 3rd period - Shot Misses the Net.
9:35 of 3rd period - Slapshot by Alex Goligoski.
9:35 of 3rd period - Stopped by Kari Lehtonen with a rebound.
10:26 of 3rd period - Slapshot by Brad Richardson.
10:26 of 3rd period - Stopped by Kari Lehtonen with a rebound.
10:28 of 3rd period - Snap shot by Alex Goligoski.
10:28 of 3rd period - Shot Misses the Net.
10:30 of 3rd period - Wrist shot by Brad Richardson.
10:30 of 3rd period - Shot Misses the Net.
10:32 of 3rd period - Wrist shot by Brad Richardson.
10:32 of 3rd period - Shot Blocked by Zach Werenski.
10:56 of 3rd period - Snap shot by Tomas Hertl.
10:56 of 3rd period - Stopped by Kari Lehtonen with a rebound.
10:58 of 3rd period - Minor Penalty to Brendan Perlini for Hooking.
10:59 of 3rd period - Max Domi wins face-off versus Connor McDavid in Edmonton Oilers zone.
11:06 of 3rd period - Slapshot by Jamie McGinn.
11:06 of 3rd period - Shot Misses the Net.
11:08 of 3rd period - Backhand shot by Luke Schenn.
11:08 of 3rd period - Shot Blocked by Erik Gudbranson.
11:10 of 3rd period - Slapshot by Luke Schenn.
11:10 of 3rd period - Stopped by Kari Lehtonen with a rebound.
11:12 of 3rd period - Snap shot by Jamie McGinn.
11:12 of 3rd period - Shot Blocked by Johnny Oduya.
11:14 of 3rd period - Wrist shot by Max Domi.
11:14 of 3rd period - Stopped by Kari Lehtonen with a rebound.
12:24 of 3rd period - Luke Schenn is hit by Erik Gudbranson and loses puck.
12:58 of 3rd period - Penalty to Brendan Perlini is over, Brendan Perlini is back on ice.
13:06 of 3rd period - Wrist shot by Connor McDavid.
13:06 of 3rd period - Deflect By Brendan Perlini.
13:06 of 3rd period - Stopped by Devan Dubnyk with a rebound.
13:38 of 3rd period - Haydn Fleury is hit by Tobias Rieder and loses puck.
13:55 of 3rd period - Haydn Fleury is hit by Josh Bailey.
14:47 of 3rd period - Calvin de Haan is hit by Christian Fischer and loses puck.
18:09 of 3rd period - Calvin de Haan is hit by Christian Fischer and loses puck.
18:40 of 3rd period - Tobias Rieder is hit by Zac Rinaldo and loses puck.
Goals for this period are 2 for Arizona Coyotes vs 1 for Edmonton Oilers.
Shots for this period are 16 for Arizona Coyotes vs 10 for Edmonton Oilers.